 Dungeon Crawl Stone Soup version 0.27-a0-1180-g7fc4abc71e (webtiles) character file.

Game seed: 9394308484010886844

815 DasRunzen the Ducker (level 7, -1/58 HPs)
             Began as a Demigod Gladiator on May 17, 2021.
             Slain by an orc warrior
             ... wielding a +0 scimitar
              (11 damage)
             ... on level 4 of the Dungeon.
             The game lasted 00:07:50 (3713 turns).

DasRunzen the Ducker (Demigod Gladiator)            Turns: 3713, Time: 00:07:50

Health: -1/58      AC: 14    Str: 15    XL:     7   Next: 35%
Magic:  13/13      EV: 13    Int: 24    God:
Gold:   130        SH:  0    Dex: 15    Spells: 6/10 levels left

rFire    . . .     SeeInvis +   h - +0 falchion (protect)
rCold    . . .     Faith    .   (no shield)
rNeg     . . .     Spirit   .   b - +0 leather armour
rPois    .         Reflect  .   c - +0 helmet
rElec    .         Harm     .   k - +1 cloak
rCorr    .         Rampage  .   (no gloves)
Will     ++...                  p - +0 pair of boots
Stlth    +.........             g - amulet of regeneration
HPRegen  1.19/turn              e - ring "Xadeoc" {Will+ Int+6 SInv}
MPRegen  0.13/turn              s - ring of willpower

@: under a protective aura
A: high mp 1, forlorn
a: no special abilities


You were on level 4 of the Dungeon.
You visited 1 branch of the dungeon, and saw 4 of its levels.
You also visited: Sewer.

You collected 130 gold pieces.

Inventory:

Hand Weapons
 a - a +0 long sword
 h - a +0 falchion of protection (weapon)
 w - a +1 falchion of holy wrath
Missiles
 d - 4 throwing nets (quivered)
 n - a curare-tipped dart
Armour
 b - a +0 leather armour (worn)
 c - a +0 helmet (worn)
 k - a +1 cloak (worn)
 p - a +0 pair of boots (worn)
Jewellery
 e - the ring "Xadeoc" (left hand) {Will+ Int+6 SInv}
   (You acquired it on level 2 of the Dungeon)

   [ring of intelligence]

   It affects your intelligence (+6).
   It lets you see invisible.
   It increases your willpower.
 g - an amulet of regeneration (around neck)
 s - a ring of willpower (right hand)
Wands
 t - a wand of charming (11)
Scrolls
 m - a scroll of enchant armour {unknown}
 q - a scroll of immolation {unknown}
 u - a scroll of holy word {unknown}
 v - a scroll of brand weapon {unknown}
 x - a scroll of summoning {unknown}
 y - a scroll of amnesia {unknown}
Potions
 f - a potion of brilliance {unknown}
 i - 5 potions of curing
 j - 2 potions of flight {unknown}
 l - 3 potions of heal wounds {unknown}
 o - a potion of attraction {unknown}
 r - a potion of resistance {unknown}


   Skills:
 + Level 3.7 Fighting
 + Level 4.3 Long Blades
 - Level 1.7 Throwing
 + Level 3.3 Armour
 + Level 4.3 Dodging
 + Level 2.1 Spellcasting
 + Level 2.2 Translocations


You had 6 spell levels left.
You knew the following spells:

 Your Spells              Type           Power      Damage    Failure   Level
a - Blink                 Tloc           N/A        N/A       9%          2
b - Slow                  Hex            2%         N/A       22%         2

Your spell library contained the following spells:

 Spells                   Type           Power      Damage    Failure   Level
 Magic Dart               Conj           8%         1d3       14%         1
 Call Imp                 Summ           2%         N/A       22%         2
 Conjure Flame            Conj/Fire      2%         6-21      41%         3
 Mephitic Cloud           Conj/Pois/Air  2%         N/A       41%         3


Dungeon Overview and Level Annotations

Branches:
Dungeon (4/15)              Sewer (visited)
 Temple: D:4-7


Innate Abilities, Weirdness & Mutations

Your attributes grow dramatically as you level up.
You have an increased reservoir of magic. (+10% MP)
You shall have no god before yourself.


Message History

The orc closely misses you.
You riposte.
You hit the orc.
The orc is heavily wounded.
You closely miss the orc.
The orc is heavily wounded.
You slash the orc warrior!
The orc warrior is moderately wounded.
You hit the orc warrior but do no damage.
The orc warrior is moderately wounded.
The orc warrior hits you with a +0 scimitar!
You closely miss the orc warrior.
The orc warrior is moderately wounded.
The orc warrior misses you.
You riposte.
You closely miss the orc warrior.
The orc warrior is moderately wounded.
You barely miss the orc warrior.
The orc warrior is moderately wounded.
The orc warrior hits you with a +0 scimitar.
You hit the orc warrior.
The orc warrior is heavily wounded.
The orc warrior hits you with a +0 scimitar.
You barely miss the orc warrior.
The orc warrior is heavily wounded.
The orc warrior hits you but does no damage.
You hit the orc warrior.
The orc warrior is heavily wounded.
The orc warrior hits you with a +0 scimitar!
You are too injured to fight recklessly!
You are too injured to fight recklessly!
You are too injured to fight recklessly!
You hit the orc warrior.
The orc warrior is severely wounded.
The orc warrior barely misses you.
You hit the orc warrior.
The orc warrior is severely wounded.
The orc warrior hits you but does no damage.
The orc warrior hits you with a +0 scimitar!
* * * LOW HITPOINT WARNING * * *
You hit the orc warrior.
The orc warrior is almost dead.
The orc warrior hits you with a +0 scimitar!
You die...

#########
........#######
#.###..........
#.####...#####
#.........#
#.####....########
#.# ##..........#
#.# ###.######.#
#.# #.# #@# #.#
#o# #.##
#.##...oo.?....#
....
..............##
#.##
####.###.##...# #
#.# #.## #.# .#
#.# # #.#


You could see an orc warrior and 2 orcs.

Vanquished Creatures
  Grinder (Sewer)
  A black bear (D:3)
  An ogre (D:4)
  A kobold brigand (Sewer)
  2 quasits (Sewer)
  A hound (D:2)
  An orc priest (D:4)
  A centaur skeleton (D:2)
  An iguana (D:3)
  Robin (D:4)
  4 adders
  A shadow imp (Sewer)
  2 ufetubi (Sewer)
  2 worms
  2 dart slugs
  15 orcs
  8 endoplasms
  7 giant cockroaches
  8 hobgoblins
  3 jackals (D:3)
  5 quokkas
  4 ball pythons
  5 bats
  2 frilled lizards
  13 goblins
  27 kobolds
  6 rats
125 creatures vanquished.

Vanquished Creatures (others)
  2 kobold zombies (Sewer)
2 creatures vanquished.

Grand Total: 127 creatures vanquished

Notes
Turn   | Place    | Note
-------+----------+-------------------------------------------
     0 | D:1      | DasRunzen the Demigod Gladiator began the quest for the
                  | Orb.
     0 | D:1      | Reached XP level 1. HP: 17/17 MP: 3/3
   471 | D:1      | Reached XP level 2. HP: 23/24 MP: 4/4
  1184 | D:2      | Reached skill level 1 in Armour
  1194 | D:2      | Reached XP level 3. HP: 30/30 MP: 5/5
  1308 | D:2      | Reached XP level 4. HP: 35/37 MP: 6/6
  1813 | D:2      | Identified a scroll of acquirement
  1813 | D:2      | Acquired the ring "Xadeoc" {Will+ Int+6 SInv}
  1904 | D:3      | Learned a level 2 spell: Blink
  2159 | D:3      | Found a glowing drain.
  2183 | Sewer    | Entered a sewer
  2193 | Sewer    | Reached XP level 5. HP: 44/44 MP: 7/7
  2373 | Sewer    | Noticed Grinder
  2376 | Sewer    | Paralysed by Grinder for 3 turns
  2416 | Sewer    | Paralysed by Grinder for 7 turns
  2434 | Sewer    | Killed Grinder
  2435 | Sewer    | Reached skill level 1 in Spellcasting
  2435 | Sewer    | Reached skill level 1 in Translocations
  2435 | Sewer    | Reached XP level 6. HP: 39/51 MP: 8/10
  2842 | D:3      | Reached XP level 7. HP: 50/57 MP: 12/12
  3454 | D:4      | Learned a level 2 spell: Slow
  3547 | D:4      | Noticed Robin
  3586 | D:4      | Killed Robin
  3713 | D:4      | Slain by an orc warrior

Illustrated notes

Levels and vault maps discovered:
D:1:      dpeg_arrival_leaves_temple_mockup, layout_basic
D:2:      layout_basic, hellmonk_ecumenical_altar_heavens_door,
          grunt_decor_junction
D:3:      kennysheep_big_flooded_room, layout_basic,
          pdpol_wu_jian_five_deadly_venoms, portal_sewer_entry_c
D:4:      layout_loops_ring, uniq_robin

Skill      XL: |  1  2  3  4  5  6  7 |
---------------+----------------------+-----
Fighting       | 2 3 |  3.7
Dodging        | 3 4 |  4.3
Long Blades    | 3 4 |  4.3
Armour         | 1 2 3 |  3.3
Spellcasting   | 1 2 |  2.1
Translocations | 1 2 |  2.2
Throwing       | |  1.7

Action                   |  1- 3 |  4- 6 |  7- 9 || total
-------------------------+-------+-------+-------++-------
Melee: Long sword        |    40 |       |       ||    40
       Falchion          |    44 |   306 |   180 ||   530
  Use: Scroll            |     1 |     3 |     1 ||     5
       Potion            |       |     1 |       ||     1
 Stab: Sleeping          |       |     1 |       ||     1
Armor: Leather armour    |    46 |   256 |    74 ||   376
Dodge: Dodged            |    84 |   357 |   112 ||   553
       Rpst.: Long sword |     8 |       |       ||     8
       Falchion          |    13 |    88 |    38 ||   139

Table legend: (Time is in decaauts)
 A = Elapsed time spent in this place.
 B = Non-inter-level travel time spent in this place.
 C = Inter-level travel time spent in this place.
 D = Time resting spent in this place.
 E = Time spent auto-exploring this place.
 F = Levels seen in this place.
 G = Mean time per level.
                   A        B        C        D        E       F      G
               +--------+--------+--------+--------+--------+-----+--------+
         Total |   3794 |   3747 |     47 |    100 |   2601 |   5 |  758.8 |
       Dungeon |   3188 |   3141 |     47 |      0 |   2402 |   4 |  797.0 |
         Sewer |    606 |    606 |      0 |    100 |    198 |   1 |  606.0 |
               +--------+--------+--------+--------+--------+-----+--------+

Top non-repeatable levels by time:
     D:1: 1097 daAuts
     D:3: 1072 daAuts
     D:2: 746 daAuts
   Sewer: 606 daAuts
     D:4: 271 daAuts
